 Seeded DCSS version 0.32-a0-868-g153ae1a (webtiles) character file.

Game seed: 800197345211678527 (custom seed)

397312 PurpleRed the Wrestler (level 20, -3/184 HPs)
             Began as a Troll Necromancer on Mar 28, 2024.
             Was the Champion of Cheibriados.
             Killed from afar by a frost giant (38 damage)
             ... with a bolt of cold
             ... on level 5 of the Vaults.
             The game lasted 02:56:41 (16576 turns).

PurpleRed the Wrestler (Troll Necromancer)         Turns: 16576, Time: 02:56:42

Health: -3/184     AC: 18    Str: 42    XL:     20   Next: 62%
Magic:  22/27      EV: 16    Int: 26    God:    Cheibriados [******]
Gold:   3591       SH: 21    Dex: 25    Spells: 13/24 levels left

rFire   + .          .
                       - Unarmed
rCold   . . .        J - +3 kite shield {AC+3}
rNeg    . . .        I - +3 troll leather armour
rPois   +            Z - +0 mask of the Dragon {Will+ Slay+3 SInv}
rElec   +            T - +2 cloak {rCorr}
rCorr   +            (gloves unavailable)
SInv    +            (boots unavailable)
Will    ++...        D - amulet of Woiveh {Reflect rPois Dex+2 SH+5}
Stlth   ++           g - +4 ring of protection
HPRegen 2.10/turn    f - ring "Uklut" {rElec rPois rF+ EV+5 Dex-2 Slay+2}
MPRegen 0.20/turn

%: reflection
@: studying 2 skills, very slow
A: large, unfitting armour, claws 3, regeneration 1, shaggy fur 1, tough skin 1,
frail 1
}: 3/15 runes: barnacled, silver, gossamer
a: Renounce Religion, Bend Time, Temporal Distortion, Slouch, Step From Time


You were on level 5 of the Vaults.
You worshipped Cheibriados.
Cheibriados was exalted by your worship.
You visited 7 branches of the dungeon, and saw 38 of its levels.
You visited the Abyss 1 time.
You also visited: Bailey and Gauntlet.

You collected 3993 gold pieces.
You spent 402 gold pieces at shops.

Inventory:

Missiles
 m - 22 javelins
 F - 2 throwing nets
 R - 18 large rocks (quivered)
Armour
 p - a +2 robe of resistance
 q - a +2 robe of willpower
 x - the +3 crown of Dyrovepreva {rElec Int+2 SInv}
   (You found it on level 5 of the Dungeon)

   Int+2:     It affects your intelligence (+2).
   rElec:     It insulates you from electricity.
   SInv:      It lets you see invisible.
 I - a +3 troll leather armour (worn)
 J - a +3 kite shield of protection (worn)
 O - a +0 cloak of poison resistance
 T - a +2 cloak of preservation (worn)
 Z - the +0 mask of the Dragon (worn) {Will+ Slay+3 SInv}
   (You found it in a Gauntlet)

   Slay+3:    It affects your accuracy & damage with ranged weapons and melee
   (+3).
   Will+:     It increases your willpower.
   SInv:      It lets you see invisible.
Jewellery
 f - the ring "Uklut" (right claw) {rElec rPois rF+ EV+5 Dex-2 Slay+2}
   (You acquired it on level 4 of the Dungeon)

   [ring of evasion]

   EV+5:      It affects your evasion (+5).
   Dex-2:     It affects your dexterity (-2).
   Slay+2:    It affects your accuracy & damage with ranged weapons and melee
   (+2).
   rF+:       It protects you from fire.
   rElec:     It insulates you from electricity.
   rPois:     It protects you from poison.
 g - a +4 ring of protection (left claw)
 w - the amulet of the Eye-covered God {Regen+ Dex+2}
   (You took it off a deep elf knight on level 3 of the Elven Halls)

   [amulet of regeneration]

   Dex+2:     It affects your dexterity (+2).
   Regen+:    It increases your rate of health regeneration.
 z - a ring of protection from cold
 D - the amulet of Woiveh (around neck) {Reflect rPois Dex+2 SH+5}
   (You acquired it on level 5 of the Lair of Beasts)

   [amulet of reflection]

   Reflect:   It reflects blocked missile attacks.
   Dex+2:     It affects your dexterity (+2).
   rPois:     It protects you from poison.
   SH+5:      It affects your SH (+5).
 G - the ring of Dekait {Fly rElec}
   (You acquired it on level 4 of the Spider Nest)

   [ring of flight]

   rElec:     It insulates you from electricity.
   Fly:       It grants you flight.
 K - a ring of wizardry
 U - the ring of Eternal Night {rN+ Int+4 Dex-2}
   (You found it in a Gauntlet)

   [ring of positive energy]

   Int+4:     It affects your intelligence (+4).
   Dex-2:     It affects your dexterity (-2).
   rN+:       It protects you from negative energy.
 W - the ring of the Genius {^Drain rF+ Will+ Str+4 Stlth+}
   (You found it on level 3 of the Elven Halls)

   [ring of protection from fire]

   Str+4:     It affects your strength (+4).
   rF+:       It protects you from fire.
   Will+:     It increases your willpower.
   ^Drain:    It drains your maximum health when unequipped.
   Stlth+:    It makes you more stealthy.
Talismans
 s - a talisman of death
 L - a granite talisman
Wands
 l - a wand of roots (16)
 C - a wand of charming (27)
 X - a wand of digging (5)
 Y - a wand of light (11)
Scrolls
 a - a scroll of immolation
 e - 9 scrolls of blinking
 h - 6 scrolls of vulnerability
 k - a scroll of revelation
 u - 9 scrolls of fog
 y - 8 scrolls of teleportation
 B - 2 scrolls of enchant weapon
 M - 2 scrolls of brand weapon
 P - a scroll of fear
 Q - a scroll of poison
 S - a scroll of butterflies
Potions
 b - 2 potions of magic
 c - 6 potions of lignification
 d - 3 potions of brilliance
 i - a potion of cancellation
 j - 8 potions of mutation
 n - 4 potions of ambrosia
 o - 6 potions of attraction
 r - 2 potions of invisibility
 t - 6 potions of enlightenment
 v - 2 potions of berserk rage
 A - 9 potions of curing
 H - a potion of might
 V - 2 potions of resistance
Miscellaneous
 E - a phial of floods
 N - a phantom mirror


   Skills:
 + Level 13.8 Fighting
 - Level 10.0 Throwing
 - Level 4.0 Dodging
 - Level 1.0 Stealth
 + Level 9.9 Shields
 + Level 23.4 Unarmed Combat
 + Level 2.7 Spellcasting
 - Level 3.2 Necromancy
 + Level 2.7 Translocations
 + Level 2.4 Air Magic
 - Level 11.0 Invocations
 - Level 16.0 Shapeshifting


You had 13 spell levels left.
You knew the following spells:

 Your Spells              Type           Power      Damage    Failure   Level
a - Apportation           Tloc           34%        N/A       4%          1
b - Blink                 Tloc           34%        N/A       7%          2
c - Passage of Golubria   Tloc           17%        N/A       43%         4
d - Vhi's Electric Charg  Tloc/Air       34%        N/A       45%         4

Your spell library contained the following spells:

 Spells                   Type           Power      Damage    Failure   Level
 Necrotise                Necr           80%        1d8       3%          1
 Sublimation of Blood     Necr           20%        N/A       6%          2
 Kiss of Death            Conj/Necr      48%        2d9       8%          1
 Shock                    Conj/Air       36%        1d5       9%          1
 Cigotuvi's Dreadful Rot  Necr/Alch/Air  26%        N/A       10%         2
 Vampiric Draining        Necr           20%        2d7       12%         3
 Magic Dart               Conj           12%        1d3       14%         1
 Summon Small Mammal      Summ           12%        N/A       14%         1
 Static Discharge         Conj/Air       18%        3-4/arc   14%         2
 Swiftness                Air            16%        N/A       16%         3
 Call Imp                 Summ           6%         N/A       22%         2
 Ensorcelled Hibernation  Hex/Ice        6%         N/A       22%         2
 Jinxbite                 Hex            6%         N/A       22%         2
 Scorch                   Fire           6%         2d5       22%         2
 Searing Ray              Conj           6%         2d4       22%         2
 Volatile Blastmotes      Fire/Tloc      20%        2d11      26%         3
 Animate Dead             Necr           20%        N/A       36%         4
 Dispel Undead            Necr           20%        3d11      36%         4
 Call Canine Familiar     Summ           3%         N/A       41%         3
 Confusing Touch          Hex            3%         N/A       41%         3
 Dazzling Flash           Conj/Hex       6%         N/A       41%         3
 Frozen Ramparts          Ice            6%         1d1       41%         3
 Inner Flame              Hex/Fire       3%         N/A       41%         3
 Ozocubu's Armour         Ice            3%         N/A       41%         3
 Passwall                 Erth           3%         N/A       41%         3
 Sigil of Binding         Hex            3%         N/A       41%         3
 Stone Arrow              Conj/Erth      6%         3d7       41%         3
 Martyr's Knell           Necr/Summ      12%        N/A       58%         4
 Dimensional Bullseye     Hex/Tloc       5%         N/A       63%         4
 Iskenderun's Mystic Bla Conj/Tloc 10%            2d4        (+2d2     63%         4
 Summon Lightning Spire   Summ/Air       9%         N/A       65%         4
 Curse of Agony           Necr           20%        N/A       71%         5
 Brom's Barrelling Bould  Conj/Erth      3%         2d3       82%         4
 Flame Wave               Conj/Fire      3%         2d5       82%         4
 Fulminant Prism          Conj/Alch      1%         3d5       82%         4
 Leda's Liquefaction      Alch/Erth      1%         N/A       82%         4
 Petrify                  Alch/Erth      3%         N/A       82%         4
 Sticky Flame             Fire/Alch      3%         2d4       82%         4
 Summon Blazeheart Golem  Fire/Summ      3%         N/A       82%         4
 Summon Forest            Summ/Tloc      5%         N/A       93%         5
 Silence                  Hex/Air        4%         N/A       94%         5
 Alistair's Intoxication  Alch           2%         N/A       99%         5
 Fireball                 Conj/Fire      1%         3d3       99%         5
 Irradiate                Conj/Alch      1%         3d12      99%         5
 Iskenderun's Battlesphe  Conj           3%         2d6       99%         5
 Lee's Rapid Deconstruct  Erth           1%         3d4*      99%         5
 Metabolic Englaciation   Hex/Ice        1%         N/A       99%         5
 Summon Mana Viper        Hex/Summ       3%         N/A       99%         5
 Bombard                  Conj/Erth      1%         9d1       100%        6
 Conjure Ball Lightning   Conj/Air       4%         3x3d6     100%        6
 Eringya's Noxious Bog    Alch           1%         4d6       100%        6
 Permafrost Eruption      Ice/Erth       1%         2x4d2     100%        6
 Starburst                Conj/Fire      1%         6d3       100%        6
 Summon Cactus Giant      Summ           1%         N/A       100%        6
 Malign Gateway           Summ/Tloc      5%         N/A       100%        7
 Orb of Destruction       Conj           1%         9d5       100%        7
 Summon Hydra             Summ           1%         N/A       100%        7
 Lehudib's Crystal Spear  Conj/Erth      1%         10d2      100%        8
 Maxwell's Capacitive Co  Air            8%         ∞         100%        8
 Summon Horrible Things   Summ           1%         N/A       100%        8
 Chain Lightning          Conj/Air       4%         3d6       100%        9


Dungeon Overview and Level Annotations

Branches:
Dungeon (15/15)            Temple (0/1) D:5            Lair (5/5) D:10
 Shoals (4/4) Lair:3       Spider (4/4) Lair:2        Slime (0/5) Lair:4
    Orc (2/2) D:11            Elf (3/3) Orc:2        Vaults (5/5) D:13
  Crypt (0/3) Vaults:2     Depths (0/4) D:15         Bailey (visited)
Gauntlet (visited)

Altars:
Cheibriados
Dithmenos
Elyvilon
Gozag
Hepliaklqana
Makhleb
Nemelex Xobeh
Okawaru
Sif Muna
Trog
Vehumet
Wu Jian
Xom
Yredelemnul
Beogh
Jiyva
Lugonu

Shops:
D:1 (   D:7 (   D:8 *   Orc:2 *[(*   Elf:3 *   Shoals:3 (   Vaults:1 (

Portals:
Abyss: Lair:5

Annotations:
D:11 3 runed translucent doors, Yphutt's ghost, journeyman GnSk; bande's ghost, journeyman GrFi
Shoals:2 3 runed translucent doors, Cedruin's ghost, adept DrAr; Witt's ghost, adept GrFi


Innate Abilities, Weirdness & Mutations

You are too large for most types of armour.
You have claws for hands.
Your natural rate of healing is unusually fast.
You are covered in fur. (AC +1)
You have tough skin. (AC +1)
You are frail. (-10% HP)


Message History

The frost giant casts a spell at you. The bolt of cold hits you!!
* * * LOW HITPOINT WARNING * * *
The yaktaur captain hits you but does no damage.
Your life force feels restored.
You step out of the flow of time.
You return to the normal time flow.
A frost giant comes into view.
It is wielding a +1 battleaxe of freezing.
The frost giant moves out of view.
You feel better.
A war gargoyle comes into view. It is wielding a +0 flail of draining.
You block the war gargoyle's attack. x2
You claw the war gargoyle!
The war gargoyle is moderately damaged.
You block the war gargoyle's attack.
You scratch the war gargoyle.
The war gargoyle is moderately damaged.
The war gargoyle launches metal splinters at you.
The spray of metal splinters hits you!
* * * LOW HITPOINT WARNING * * *
You eviscerate the war gargoyle!!!
You destroy the war gargoyle!
Cheibriados appreciates the change of pace.
You hear a shout! x3
The yaktaur captain unwields a +0 long sword.
The yaktaur captain wields a +0 arbalest.
The yaktaur captain shoots a bolt.
You block the bolt with an invisible shield... and reflect it back!
The bolt hits the yaktaur captain!!
You see here a +0 flail of draining.
A lich comes into view.
The yaktaur captain shoots a bolt.
The bolt hits you!
* * * LOW HITPOINT WARNING * * *
The lich mumbles some strange words.
The lich flickers and vanishes for a moment.
The yaktaur captain shoots a bolt.
The bolt hits you.
* * * LOW HITPOINT WARNING * * *
The frost giant gestures at you while chanting.
The bolt of cold hits you!!!
You die...
Cheibriados appreciates the motionlessness of death.

..# .# #. ..# .#L. #.c. ..#
#.#.# # #.#.#. ..# ## ..#...#
#...#...#. #.# #?# #.#.#.#
#.#.#.#.#.# ..#
#..#...#...#...#...#.. ..#
#.#.#.#.#.#.#.#.#.#.# .# ,
##...#...#...#...#... #
#....#.#.#.#.#@#)#.#.#.#.#
#....#..#...#...#...#...#
###....#.#.#.#.#.#C#.#)#.#
..#....##...#...#...#...#
..#....#.#.#.#.#.#.#.#.#.#
..#....#..#...#...#)..#...#
..#....#.#.#.#C#C#.#C#.#.#.#
#.))........#...#...#...#...#
#.....[..####################


You could see a frost giant.

Vanquished Creatures
  A dread lich (Vaults:5)
  2 ancient liches (Vaults:5)
  Nikola (Shoals:1)
  Arachne (Spider:2)
  7 tentacled monstrosities (Vaults:5)
  A lich (Vaults:5)
  Zenata (Vaults:4)
  Mlioglotl (Shoals:1)
  Jorgrun (D:13)
  2 deep elf blademasters (Elf:3)
  6 titans (Vaults:5)
  A quicksilver dragon (Vaults:5)
  2 deep elf master archers (Elf:3)
  A sphinx (Vaults:5)
  Frances (D:13)
  Gastronok (Orc:1)
  4 tengu reavers
  2 shadow dragons (Vaults:5)
  A revenant (Vaults:2)
  Donald (Shoals:2)
  Ilsuiw (Shoals:2)
  5 deep elf sorcerers
  3 fire giants (Vaults:5)
  11 vault wardens
  3 frost giants (Vaults:5)
  2 ghost moths (Spider:4)
  10 emperor scorpions
  2 orc warlords
  2 deep elf elementalists (Elf:3)
  3 ironbound preservers
  A quicksilver ooze (Gauntlet)
  A stone giant (Vaults:5)
  5 ironbound thunderhulks
  2 very ugly things (Vaults:5)
  10 deep elf death magi
  3 war gargoyles (Vaults:5)
  4 formless jellyfish
  6 deep elf demonologists
  14 deep elf annihilators
  A minotaur (Gauntlet)
  Azrael (D:12)
  4 dire elephants (Vaults:1)
  2 spark wasps
  An eidolon (Vaults:2)
  An ettin (Vaults:5)
  Josephine (D:11)
  9 merfolk impalers
  8 yaktaur captains
  Snorg (D:10)
  A great orb of eyes (Vaults:1)
  6 entropy weavers
  2 merfolk javelineers (Shoals:4)
  3 deep elf high priests
  A rakshasa (D:14)
  36 vault guards
  8 hydras
  An alligator (Shoals:1)
  A death knight (D:15)
  An ogre mage (Vaults:5)
  3 merfolk avatars
  A radroach (Spider:2)
  An ironbound frostheart (Vaults:1)
  4 boulder beetles
  5 centaur warriors
  4 merfolk aquamancers (Shoals:4)
  2 thrashing horrors (Lair:5)
  4 two-headed ogres
  8 dancing weapons
  2 tengu warriors
  A satyr (Shoals:4)
  A death scarab (Gauntlet)
  7 demonic crawlers
  7 orc high priests
  A shock serpent (shapeshifter) (Lair:5)
  5 deep elf knights
  A vampire mage (Vaults:2)
  A salamander mystic (D:15)
  2 skysharks (Shoals:1)
  A cyclops (shapeshifter) (Vaults:5)
  3 pharaoh ants
  Lodul (D:13)
  9 sea snakes
  4 lindwurms
  A flayed ghost (Vaults:5)
  3 orb spiders (Spider:4)
  2 arcanists
  6 deep elf archers
  A glowing orange brain (Vaults:2)
  10 deep trolls
  Pikel (D:9)
  20 harpies
  An obsidian bat (Orc:2)
  8 orc knights
  5 steelbarb worms
  15 deep elf pyromancers
  5 phantasmal warriors (Vaults:5)
  8 ironbound convokers
  2 necromancers (Vaults:5)
  6 orc sorcerers
  15 deep elf zephyrmancers
  12 ugly things
  9 wolf spiders
  8 fauns
  A moth of wrath (Spider:2)
  9 manticores
  4 cyclopes
  6 meliai
  A large abomination (Lair:5)
  9 black mambas
  14 elephants
  7 kobold blastminers (Orc:2)
  7 merfolk sirens
  9 vault sentinels
  6 water nymphs
  A gargoyle (D:11)
  8 cane toads
  An orange demon (D:12)
  2 torpor snails (Spider:4)
  An unseen horror (shapeshifter) (Lair:5)
  4 komodo dragons
  15 yaktaurs
  A rime drake (shapeshifter) (Vaults:5)
  An efreet (D:14)
  A minotaur zombie (Gauntlet)
  2 rime drakes
  4 smoke demons
  3 freezing wraiths
  12 merfolk
  2 merfolk (shapeshifter) (Vaults:5)
  4 wind drakes
  2 polar bears
  12 trolls
  3 raiju
  9 blink frogs (Lair:5)
  21 tarantellas
  Prince Ribbit (Bailey)
  13 dream sheep
  A fire giant simulacrum (Vaults:2)
  24 jumping spiders
  7 snapping turtles
  A spectral black mamba (Gauntlet)
  3 centaur simulacra (Gauntlet)
  22 culicivoras
  10 slime creatures
  A culicivora (shapeshifter) (D:15)
  A shadow (D:12)
  5 wraiths
  Sigmund (D:3)
  A spriggan (Lair:5)
  4 ynoxinuls
  14 humans
  3 wyverns
  5 fire elementals (D:12)
  6 water elementals
  45 yaks
  A fire bat (D:12)
  8 small abominations (Lair:5)
  10 basilisks
  51 redbacks
  5 steam dragons
  7 wargs
  4 vampire mosquitoes (D:11)
  Edmund (D:4)
  10 water moccasins
  3 hell hounds (D:12)
  2 sky beasts
  3 black bears
  An ice beast (D:7)
  3 laughing skulls
  58 orc warriors
  21 ogres
  22 centaurs
  A wolf (Vaults:2)
  2 kobold brigands
  Blork the orc (D:4)
  23 bullfrogs
  5 scorpions
  2 earth elementals
  2 gnoll sergeants
  2 wights
  A hornet simulacrum (Gauntlet)
  13 killer bees
  A howler monkey (D:6)
  3 electric eels (D:10)
  A bombardier beetle (D:3)
  3 hounds
  4 jellies
  34 orc priests
  5 iguanas
  19 orc wizards
  7 gnolls
  7 adders
  A shadow imp (D:7)
  2 white imps
  5 ufetubi
  A ribbon worm (D:3)
  99 orcs
  8 ball pythons
  3 bats
  7 endoplasms
  5 giant cockroaches
  7 hobgoblins
  5 jackals
  16 kobolds
  A quokka (D:3)
  4 frilled lizards
  11 goblins
  8 rats
1310 creatures vanquished.

Vanquished Creatures (others)
  A manticore (Shoals:4)
  A vault sentinel (Vaults:2)
  An unseen horror (D:12)
  A bullfrog (Bailey)
  An orc (Orc:2)
5 creatures vanquished.

Grand Total: 1315 creatures vanquished

Notes
Turn   | Place    | Note
-------+----------+-------------------------------------------
     0 | D:1      | PurpleRed the Troll Necromancer began the quest for the
                  | Orb.
     0 | D:1      | Reached XP level 1. HP: 16/16 MP: 1/1
    58 | D:1      | Found Lidiahou's Antique Weapon Shop.
   117 | D:1      | Found a faded altar of an unknown god.
   123 | D:1      | Reached skill level 1 in Unarmed Combat
   176 | D:1      | Reached XP level 2. HP: 26/26 MP: 2/2
   262 | D:1      | Reached skill level 1 in Fighting
   285 | D:1      | Reached skill level 2 in Unarmed Combat
   570 | D:4      | Noticed an ogre
   591 | D:3      | Reached XP level 3. HP: 31/33 MP: 3/3
   606 | D:4      | Found a radiant altar of Vehumet.
   665 | D:4      | Found a basalt altar of Yredelemnul.
   684 | D:4      | Reached skill level 3 in Unarmed Combat
   684 | D:4      | Reached XP level 4. HP: 42/42 MP: 4/4
   712 | D:4      | Found a snail-covered altar of Cheibriados.
   719 | D:4      | Became a worshipper of Cheibriados the Contemplative
   736 | D:4      | Noticed Edmund
   754 | D:4      | Identified a scroll of acquirement
   754 | D:4      | Acquired the ring "Uklut" {rElec rPois rF+ EV+5 Dex-2
                  | Slay+2}
   769 | D:4      | Killed Edmund
   770 | D:4      | Reached skill level 4 in Unarmed Combat
   770 | D:4      | Reached XP level 5. HP: 28/50 MP: 5/5
   841 | D:3      | Reached XP level 6. HP: 49/59 MP: 6/6
   859 | D:3      | Identified the +0 ring mail of Kigus {Harm Dex+4}
  1055 | D:2      | Reached * piety under Cheibriados
  1211 | D:3      | Noticed Sigmund
  1216 | D:3      | Killed Sigmund
  1217 | D:3      | Reached skill level 5 in Unarmed Combat
  1337 | D:3      | Reached skill level 6 in Unarmed Combat
  1364 | D:4      | Found a bloodstained altar of Trog.
  1373 | D:4      | Reached XP level 7. HP: 66/67 MP: 7/7
  1407 | D:4      | Found an opulent altar of Gozag.
  1468 | D:4      | Reached skill level 7 in Unarmed Combat
  1504 | D:4      | Noticed Blork the orc
  1516 | D:4      | Killed Blork the orc
  1542 | D:5      | Entered Level 5 of the Dungeon
  1545 | D:5      | Reached ** piety under Cheibriados
  1567 | D:5      | Found a hazy altar of Hepliaklqana.
  1583 | D:5      | Found a staircase to the Ecumenical Temple.
  1599 | D:5      | Reached skill level 8 in Unarmed Combat
  1602 | D:5      | Reached skill level 1 in Invocations
  1606 | D:5      | Reached XP level 8. HP: 52/75 MP: 8/8
  1663 | D:5      | Found a sparkling altar of Nemelex Xobeh.
  1747 | D:5      | Found the +3 crown of Dyrovepreva {rElec Int+2 SInv}
  1872 | D:6      | Reached skill level 9 in Unarmed Combat
  1972 | D:6      | Found an iron altar of Okawaru.
  1972 | D:6      | Found a shimmering blue altar of Sif Muna.
  2031 | D:5      | Reached *** piety under Cheibriados
  2041 | D:5      | Found a white marble altar of Elyvilon.
  2078 | D:6      | Found a shadowy altar of Dithmenos.
  2097 | D:6      | Reached skill level 10 in Unarmed Combat
  2173 | D:7      | Reached XP level 9. HP: 66/84 MP: 10/10
  2378 | D:7      | Found Dulatual's Antique Weapon Boutique.
  2491 | D:7      | Found an ornate altar of the Wu Jian Council.
  2511 | D:7      | Reached skill level 11 in Unarmed Combat
  2544 | D:9      | Reached skill level 1 in Throwing
  2551 | D:9      | Reached **** piety under Cheibriados
  2629 | D:8      | Reached skill level 5 in Fighting
  2647 | D:8      | Noticed a two-headed ogre
  2650 | D:8      | Killed a two-headed ogre
  2651 | D:8      | Reached skill level 12 in Unarmed Combat
  2651 | D:8      | Reached XP level 10. HP: 96/96 MP: 11/11
  2824 | D:9      | Reached ***** piety under Cheibriados
  2898 | D:8      | Found Nurch's General Store.
  2909 | D:8      | Bought a potion of curing for 39 gold pieces
  2909 | D:8      | Bought a scroll of fog for 52 gold pieces
  2951 | D:9      | Found a burning altar of Makhleb.
  3064 | D:9      | Noticed Pikel
  3075 | D:9      | Killed Pikel
  3090 | D:9      | Reached skill level 13 in Unarmed Combat
  3152 | D:10     | Entered Level 10 of the Dungeon
  3152 | D:10     | Found a shimmering altar of Xom.
  3154 | D:10     | Noticed a boulder beetle
  3172 | D:10     | Killed a boulder beetle
  3220 | D:10     | Reached skill level 5 in Throwing
  3231 | D:10     | Reached XP level 11. HP: 102/102 MP: 13/13
  3239 | D:10     | Reached skill level 5 in Invocations
  3303 | D:10     | Noticed Snorg
  3315 | D:10     | Killed Snorg
  3375 | D:10     | Found a staircase to the Lair.
  3441 | D:10     | Found a flagged portal.
  3455 | Bailey   | Entered a bailey
  3503 | Bailey   | Reached skill level 14 in Unarmed Combat
  3530 | Bailey   | Noticed a vault guard
  3540 | Bailey   | Killed a vault guard
  3558 | Bailey   | Noticed Prince Ribbit
  3558 | Bailey   | Noticed a vault guard
  3571 | Bailey   | Killed a vault guard
  3589 | Bailey   | Killed Prince Ribbit
  3822 | Lair:1   | Entered Level 1 of the Lair of Beasts
  3839 | Lair:1   | Reached ****** piety under Cheibriados
  3911 | Lair:2   | Reached skill level 15 in Unarmed Combat
  3928 | Lair:2   | Reached XP level 12. HP: 97/111 MP: 16/16
  3953 | Lair:3   | Noticed an eight-headed hydra
  3960 | Lair:3   | Killed a ten-headed hydra
  4095 | Lair:2   | Found a hole to the Spider Nest.
  4218 | Lair:4   | Reached skill level 16 in Unarmed Combat
  4243 | Lair:5   | Entered Level 5 of the Lair of Beasts
  4484 | Lair:5   | Acquired the amulet of Woiveh {Reflect rPois Dex+2 SH+5}
  4543 | Lair:5   | Noticed a seven-headed hydra
  4544 | Lair:5   | Noticed a four-headed hydra
  4554 | Lair:5   | Killed a four-headed hydra
  4556 | Lair:5   | Killed a seven-headed hydra
  4557 | Lair:5   | Reached XP level 13. HP: 68/120 MP: 3/17
  4564 | Lair:5   | Reached skill level 1 in Shapeshifting
  4651 | Lair:5   | Reached skill level 17 in Unarmed Combat
  4941 | Lair:5   | Found a corrupted altar of Lugonu.
  4941 | Lair:5   | Found a one-way gate to the infinite horrors of the Abyss.
  4948 | Lair:5   | Got an earthy gem with 2094 turns to spare
  5354 | Lair:4   | Found a viscous altar of Jiyva.
  5354 | Lair:4   | Found a staircase to the Slime Pits.
  5667 | Lair:3   | Reached skill level 18 in Unarmed Combat
  5695 | Lair:3   | You fall into a shaft and drop 2 floors!
  5756 | Lair:3   | Found a staircase to the Shoals.
  5866 | D:11     | Noticed Josephine
  5872 | D:11     | Killed Josephine
  5875 | D:11     | Reached XP level 14. HP: 132/133 MP: 18/18
  6131 | D:11     | Found a runed translucent gate.
  6131 | D:11     | Found a runed translucent gate.
  6131 | D:11     | Found a runed translucent gate.
  6198 | D:11     | Noticed bande's ghost (journeyman GrFi)
  6198 | D:11     | Noticed Yphutt's ghost (journeyman GnSk)
  6221 | D:11     | Found a staircase to the Orcish Mines.
  6231 | D:11     | Learned a level 2 spell: Blink
  6233 | Orc:1    | Entered Level 1 of the Orcish Mines
  6237 | Orc:1    | Noticed an orc warlord
  6238 | Orc:1    | Noticed Gastronok
  6294 | D:11     | Paralysed by an orc sorcerer for 4 turns
  6304 | D:11     | Reached skill level 10 in Throwing
  6341 | D:11     | Killed an orc warlord
  6360 | Orc:1    | Killed Gastronok
  6361 | Orc:1    | Reached skill level 5 in Shapeshifting
  6406 | Orc:2    | Entered Level 2 of the Orcish Mines
  6733 | Orc:2    | Noticed an orc warlord
  6847 | Orc:2    | Killed an orc warlord
  6857 | Orc:2    | Found a roughly hewn altar of Beogh.
  6968 | Orc:2    | Found Ceif's Assorted Antiques.
  7003 | Orc:2    | Bought a scroll labelled HOPASY BIWUI for 28 gold pieces
  7004 | Orc:2    | Bought a potion of attraction for 84 gold pieces
  7024 | Orc:2    | Found Nopimiga's Weapon Emporium.
  7027 | Orc:2    | Reached skill level 19 in Unarmed Combat
  7128 | Orc:2    | Reached skill level 10 in Invocations
  7141 | Orc:2    | Found Loysaom's General Store.
  7165 | Orc:2    | Found a roughly hewn altar of Beogh.
  7288 | Orc:2    | Found Viehui's Armour Shop.
  7635 | Orc:2    | Found a staircase to the Elven Halls.
  7742 | D:12     | Learned a level 4 spell: Passage of Golubria
  7797 | D:13     | Noticed Lodul
  7813 | D:13     | Noticed Jorgrun
  7888 | D:13     | Noticed Frances
  7889 | D:13     | Noticed Azrael
  7965 | D:12     | Found a shimmering altar of Xom.
  7977 | D:12     | Reached XP level 15. HP: 138/143 MP: 21/21
  8153 | D:12     | Killed Azrael
  8183 | D:13     | Killed Frances
  8183 | D:13     | Killed Jorgrun
  8183 | D:13     | Killed Lodul
  8446 | D:13     | Identified the +9 plate armour "Imuupsef" {Will- MP+9 SInv}
  8466 | D:13     | Reached skill level 1 in Shields
  8480 | D:13     | Found a gate to the Vaults.
  8569 | D:15     | Entered Level 15 of the Dungeon
  8689 | D:14     | Found a gate leading to a gauntlet.
  8709 | Gauntlet | Entered a Gauntlet
  8709 | Gauntlet | Found a transporter.
  8716 | Gauntlet | Found a transporter.
  8731 | Gauntlet | Found a transporter.
  8733 | Gauntlet | Found a transporter.
  8745 | Gauntlet | Found a transporter.
  8757 | Gauntlet | Found a transporter.
  8761 | Gauntlet | Found a runed translucent door.
  8768 | Gauntlet | Found a transporter.
  8782 | Gauntlet | Found a transporter.
  8800 | Gauntlet | Found a transporter.
  8805 | Gauntlet | Found a transporter.
  8810 | Gauntlet | Found a transporter.
  8818 | Gauntlet | Found a transporter.
  8834 | Gauntlet | Identified the +1 hat "Fixecaha" {Will+}
  8868 | Gauntlet | Found a transporter.
  8894 | Gauntlet | Found a transporter.
  8916 | Gauntlet | Identified the ring of Eternal Night {rN+ Int+4 Dex-2}
  8930 | Gauntlet | Found the +0 mask of the Dragon {Will+ Slay+3 SInv}
  8930 | Gauntlet | Identified the ring "Wol Oses" {Will+ Str-2 Slay+3 SInv
                  | Stlth+}
  8991 | D:14     | Reached skill level 20 in Unarmed Combat
  9159 | D:15     | Found a staircase to the Depths.
  9181 | D:15     | Got a smoky gem with 1341 turns to spare
  9625 | Spider:1 | Entered Level 1 of the Spider Nest
  9896 | Spider:2 | Reached XP level 16. HP: 156/156 MP: 23/23
 10081 | Spider:2 | Identified the +4 lajatang "Zaylat" {venom, *Corrode ^Drain
                  | rPois Int+5}
 10141 | Spider:3 | Noticed Arachne
 10156 | Spider:2 | Killed Arachne
 10173 | Spider:4 | Entered Level 4 of the Spider Nest
 10191 | Spider:4 | Reached skill level 5 in Shields
 10210 | Spider:4 | Learned a level 1 spell: Apportation
 10249 | Spider:4 | Reached skill level 21 in Unarmed Combat
 10656 | Spider:4 | Reached skill level 10 in Fighting
 10715 | Spider:4 | Identified the +0 pair of boots of Impressiveness {-Tele
                  | rPois rCorr Int+3}
 10725 | Spider:4 | Got a gossamer rune of Zot
 10737 | Spider:4 | Got a milky-white gem with 830 turns to spare
 10774 | Spider:4 | Acquired the ring of Dekait {Fly rElec}
 10778 | Spider:4 | Acquired a talisman of death
 10823 | Spider:3 | Identified the +1 long sword "Kexza" {vamp, rElec Int+3
                  | Dex-2}
 11257 | Shoals:1 | Entered Level 1 of the Shoals
 11281 | Shoals:1 | Reached skill level 22 in Unarmed Combat
 11318 | Shoals:1 | Noticed Mlioglotl
 11319 | Shoals:1 | Noticed Nikola
 11336 | Shoals:1 | Killed Mlioglotl
 11337 | Shoals:1 | Reached XP level 17. HP: 89/167 MP: 12/24
 11369 | Shoals:1 | Killed Nikola
 11498 | Shoals:2 | Found a runed translucent gate.
 11502 | Shoals:2 | Noticed Donald
 11507 | Shoals:2 | Killed Donald
 11551 | Shoals:2 | Noticed Ilsuiw
 11586 | Shoals:2 | Found a runed translucent gate.
 11594 | Shoals:2 | Found a runed translucent gate.
 11596 | Shoals:2 | Noticed Cedruin's ghost (adept DrAr)
 11596 | Shoals:2 | Noticed Witt's ghost (adept GrFi)
 11597 | Shoals:2 | Noticed Cedruin's ghost (adept DrAr)
 11603 | Shoals:2 | Killed Ilsuiw
 11708 | Shoals:3 | Found Qeiliug's Weapon Emporium.
 11892 | Shoals:4 | Entered Level 4 of the Shoals
 12208 | Shoals:4 | Reached skill level 10 in Shapeshifting
 12337 | Shoals:4 | Got a barnacled rune of Zot
 12339 | Shoals:4 | Got an azure gem with 170 turns to spare
 12694 | Elf:1    | Entered Level 1 of the Elven Halls
 12770 | Elf:1    | Noticed a Tzitzimitl
 12772 | Elf:1    | Noticed a Hell Sentinel
 12774 | Elf:1    | Noticed a Tzitzimitl
 12871 | Elf:3    | Entered Level 3 of the Elven Halls
 12925 | Elf:3    | Reached XP level 18. HP: 182/182 MP: 25/25
 13048 | Abyss:4  | Cast into level 4 of the Abyss (a deep elf sorcerer)
 13050 | Abyss:4  | Found a corrupted altar of Lugonu.
 13065 | Abyss:4  | Found a corrupted altar of Lugonu.
 13130 | Abyss:4  | Found a corrupted altar of Lugonu.
 13134 | Abyss:4  | Found a corrupted altar of Lugonu.
 13134 | Abyss:4  | Found a corrupted altar of Lugonu.
 13159 | Elf:2    | Escaped the Abyss
 13513 | Elf:3    | Identified the amulet of the Eye-covered God {Regen+ Dex+2}
 13590 | Elf:3    | Noticed an Ice Fiend
 13663 | Elf:3    | Gained mutation: You are frail. (-10% HP) [a cacodemon]
 13689 | Elf:3    | Identified the +6 scale mail of the Gusle {Str+6}
 13782 | Elf:3    | Identified the +6 scimitar "Grim Tooth" {vamp, rC+++ Str-3
                  | Int-4 SInv}
 13785 | Elf:3    | Identified the +7 quarterstaff of Foguolyu {spect, Fly rN+
                  | Will+ Int-3}
 13836 | Elf:3    | Found Rotibiewn's General Store.
 13857 | Elf:3    | Bought a potion of curing for 57 gold pieces
 13857 | Elf:3    | Bought a scroll of enchant armour for 142 gold pieces
 13931 | Elf:3    | Identified the +5 shortbow of Bonkaunk {freeze, Str+4}
 13932 | Elf:3    | Identified the staff of Tadgh {rF+ rCorr Dex-2 Summ Tloc
                  | Fire}
 13979 | Elf:3    | Got Sif Muna's Incunabulum of the Caves and Conflict
 14034 | Elf:3    | Got a shimmering gem with 9 turns to spare
 14070 | Elf:3    | Identified the ring of the Genius {^Drain rF+ Will+ Str+4
                  | Stlth+}
 14336 | Vaults:1 | Entered Level 1 of the Vaults
 14411 | Vaults:1 | Found Ceucaff's Antique Weapon Shop.
 14430 | Vaults:1 | Reached skill level 15 in Shapeshifting
 14695 | Vaults:2 | Paralysed by a formless jellyfish for 1 turns
 14760 | Vaults:2 | Reached XP level 19. HP: 162/170 MP: 26/26
 15097 | Vaults:2 | Found a staircase to the Crypt.
 15440 | Vaults:4 | Noticed Zenata
 15449 | Vaults:4 | Killed Zenata
 15501 | Vaults:5 | Entered Level 5 of the Vaults
 15565 | Vaults:4 | HP: 8/223 [vault guard/+0 battleaxe (9)]
 15624 | Vaults:5 | Noticed a Tzitzimitl
 15625 | Vaults:5 | Noticed a Brimstone Fiend
 15813 | Vaults:5 | Got Ufeduv's Discursus on the Birds and Accomplices
 15906 | Vaults:5 | Noticed a dread lich
 15919 | Vaults:5 | Killed a dread lich
 15920 | Vaults:5 | Reached skill level 23 in Unarmed Combat
 15945 | Vaults:5 | Reached XP level 20. HP: 93/181 MP: 27/27
 15978 | Vaults:5 | Got a silver rune of Zot
 15980 | Vaults:5 | Got a shining gem with 1031 turns to spare
 15998 | Vaults:5 | Learned a level 4 spell: Vhi's Electric Charge
 16046 | Vaults:5 | Noticed an ancient lich
 16048 | Vaults:5 | Killed an ancient lich
 16054 | Vaults:5 | Reached skill level 1 in Translocations
 16068 | Vaults:5 | Reached skill level 1 in Air Magic
 16250 | Vaults:5 | Got Sif Muna's Enchiridion on Creative Gusts
 16265 | Vaults:5 | Identified the staff of Defiance {Dex+3 Earth Alchemy}
 16545 | Vaults:5 | Noticed an ancient lich
 16558 | Vaults:5 | Killed an ancient lich
 16558 | Vaults:5 | HP: 3/182 [frost giant/bolt of cold (34)]
 16576 | Vaults:5 | Killed from afar by a frost giant

Illustrated notes

Levels and vault maps discovered:
D:1:      nicolae_arrival_somewhat_less_tricky_arrival, layout_basic,
          serial_shops, nicolae_shop_hallway_plus,
          hellmonk_ecumenical_altar_zigzags
D:2:      layout_basic
D:3:      minmay_chambers_of_twos, layout_basic,
          nicolae_concentric_dashed_squares_mild, uniq_sigmund
D:4:      layout_rooms, mainiacjoe_overflow_alcove_4,
          mainiacjoe_overflow_brackets, trog_ov_bears_minmay,
          cheibriados_altar_1, grunt_gozag_statues, kennysheep_generic_room_8,
          uniq_blork_the_orc, uniq_edmund
D:5:      layout_basic, overflow_temple_1_default, mainiacjoe_overflow_alcove_2,
          nicolae_overflow_crystal_walls, minmay_temple_entry_statues_pillars,
          chequers_serial_rivers_micro_e
D:6:      layout_rooms, marbit_many_paths, mainiacjoe_overflow_divided_tiny
D:7:      layout_loops_ring, nzn_wu_jian_council_hall, serial_shops, shop,
          serial_bayou, serial_bayou_ford_a, serial_bayou_shore_a,
          serial_bayou_pond_e, serial_bayou_pond_b
D:8:      layout_layer_cave, serial_shops, shop, st_stairs_5, roderic_lattice_a
D:9:      layout_rooms, nicolae_uskayaw_en_pointe,
          mainiacjoe_overflow_surrounded_room, uniq_pikel
D:10:     layout_layer_cave, mainiacjoe_overflow_catwalk, lair_entry_dummy,
          enter_bailey_3, minivault_14, grunt_decor_junction, uniq_snorg
D:11:     layout_basic, hiddenorc1_lemuel, gammafunk_ghost_cemetery,
          uniq_josephine
D:12:     layout_basic, regret_index_xom_of_box
D:13:     nooodl_glass_maze, layout_layer_cave, ximxim_vaults_locker_room,
          dreamdust_looks_like_rain, uniq_lodul, uniq_azrael, uniq_frances,
          uniq_jorgrun
D:14:     layout_loops_corners, gauntlet_entry_generic
D:15:     hangedman_depths_entry_try_elsewhere_first, layout_long_grid,
          biasface_ghost_orc_armoury, uniq_nessos, uniq_roxanne
Lair:1:   layout_layer_cave, grunt_forest_stairs_basic,
          kennysheep_abandoned_house, lemuel_fruit_tree, lemuel_fruit_fields
Lair:2:   minmay_lair_venomous_thicket, layout_cave_pods,
          spider_nest_entry_webs, st_stairs_13, chequers_serial_rivers_small_a,
          grunt_megastairs_2
Lair:3:   layout_long_grid, minmay_shoals_entry_centaurs
Lair:4:   layout_regular_city, slime_entry_2, grunt_megastairs_1
Lair:5:   hellmonk_lair_end_abyssal_woods, layout_misc_corridors,
          nicolae_quartered_pool_impasse
Shoals:1: layout_shoals, nicolae_shoals_siren_and_animal_friends,
          uniq_mlioglotl, uniq_nikola
Shoals:2: layout_shoals, gammafunk_ghost_cemetery, uniq_donald, uniq_ilsuiw
Shoals:3: layout_shoals, serial_shops, nicolae_shop_bloodbath_and_beyond
Shoals:4: shoals_end_simple, layout_shoals, centaur_isle
Spider:1: layout_spider_delve, nicolae_spider_orb_run
Spider:2: layout_spider_delve
Spider:3: layout_spider_delve, nicolae_spider_world_wide_web, uniq_arachne,
          uniq_mara
Spider:4: grunt_spider_rune_circles
Orc:1:    layout_caves, uniq_gastronok
Orc:2:    pubby_orc_utopia
Elf:1:    minmay_elf_arrival_circle, layout_loops_corners,
          nicolae_elf_crossing_hall
Elf:2:    elven_hall_of_blades_hangedman_original [nicolae_blade_little_rooms],
          layout_loops_corners, serial_shops, nicolae_shop_gibbet_a_chance
Elf:3:    minmay_elf_hall_spiked, layout_gridlike, serial_shops,
          nicolae_shop_tiny_waterfront, grunt_megastairs_3
Vaults:1: nicolae_vaults_shipping_containers_5, nicolae_vaults_swerve,
          v_pattern_5, nicolae_vaults_closet_pinwheel_3,
          nicolae_vaults_six-pack, vaults_room_semicircle, vaults_room_pools,
          nicolae_vaults_tetromino_T_1, layout_vaults_chaotic_city,
          serial_shops, shop
Vaults:2: serial_ice_b, minmay_crypt_entry_simple_statues, v_misc_11,
          layout_vaults_quadrants
Vaults:3: hangedman_vaults_hat, v_pattern_2, v_misc_9,
          nicolae_vaults_apartment_2, grunt_vaults_hallway_short,
          hangedman_vaults_cutoff, nicolae_vaults_taking_the_gang_shopping,
          grunt_vaults_swirl, nicolae_vaults_two_Ls, vaults_room_semicircle,
          ontoclasm_vaults_twist, layout_vaults_omnicross, uniq_frederick
Vaults:4: ontoclasm_vaults_decontamination, nicolae_vaults_diagonal_hallway_6,
          nicolae_vaults_alarming, nicolae_vaults_storing_the_good_stuff,
          nicolae_vaults_sightless_eye, nicolae_vaults_layer_cake_slice,
          nicolae_vaults_network_square, nicolae_vaults_three_branches,
          grunt_vaults_twisty, vaults_room_corners, layout_vaults_maze_bifur,
          serial_shops, nicolae_shop_tiny_real_fake_doors, uniq_zenata
Vaults:5

Skill      XL: |  1  2  3  4  5  6  7  8  9 10 11 12 13 14 15 16 17 18 19 20 |
---------------+-------------------------------------------------------------+-----
Unarmed Combat | 1 2 3 4 6 8 10 12 13 15 16 18 19 20 22 23 | 23.4
Fighting       | 1 2 3 5 6 7 9 10 11 12 13 | 13.8
Invocations    | 1 3 4 6 7 10 11 | 11.0
Throwing       | 3 5 6 8 9 10 | 10.0
Shapeshifting  | 4 5 6 7 11 15 16 | 16.0
Dodging        | 3 4 |  4.0
Shields        | 4 6 9 |  9.9
Translocations | 2 |  2.7
Air Magic      | 2 |  2.4
Spellcasting   | 2 |  2.7
Stealth        | |  1.0
Necromancy     | |  3.2

Action                     |  1- 3 |  4- 6 |  7- 9 | 10-12 | 13-15 | 16-18 | 19-21 || total
---------------------------+-------+-------+-------+-------+-------+-------+-------++-------
  Melee: Unarmed           |   100 |   111 |   177 |   410 |  1042 |  1076 |   565 ||  3481
         Punch             |     3 |     1 |     7 |    45 |    90 |       |       ||   146
  Throw: Javelin           |       |       |     5 |     4 |     8 |     1 |       ||    18
         Dart              |       |       |       |     6 |       |       |       ||     6
         Large rock        |       |       |       |       |    12 |    62 |       ||    74
   Cast: Apportation       |       |       |       |       |       |     2 |       ||     2
 Invoke: Slouch            |       |       |       |     6 |     8 |     8 |       ||    22
         Bend Time         |       |       |       |       |     1 |       |       ||     1
         Step From Time    |       |       |       |       |       |     2 |     2 ||     4
Ability: Begin Untransform |       |       |       |       |       |     1 |     1 ||     2
  Evoke: Wand              |       |       |       |     2 |       |       |       ||     2
    Use: Scroll            |       |     4 |     6 |    13 |     7 |    11 |     4 ||    45
         Potion            |       |       |       |       |       |     6 |     5 ||    11
   Stab: Sleeping          |       |       |     3 |     1 |    10 |     3 |     1 ||    18
         Distracted        |       |       |       |       |     3 |     3 |       ||     6
 Armour: Robe              |    69 |    52 |    85 |   258 |   153 |    19 |       ||   636
         Troll leather arm |       |       |       |       |   509 |   584 |   260 ||  1353
         Skin              |       |       |       |       |       |     3 |   135 ||   138
  Dodge: Dodged            |    41 |    56 |   120 |   239 |   716 |   403 |   205 ||  1780
  Block: Other             |       |       |       |     3 |   165 |       |       ||   168
         Reflection        |       |       |       |       |    24 |    96 |    37 ||   157
         Kite shield       |       |       |       |       |   254 |  1013 |   506 ||  1773
   Form: Statue            |       |       |       |       |       |     1 |     1 ||     2

Table legend: (Time is in decaauts)
 A = Elapsed time spent in this place.
 B = Non-inter-level travel time spent in this place.
 C = Inter-level travel time spent in this place.
 D = Time resting spent in this place.
 E = Time spent auto-exploring this place.
 F = Levels seen in this place.
 G = Mean time per level.
                   A        B        C        D        E       F      G
               +--------+--------+--------+--------+--------+-----+--------+
         Total |  25493 |  24249 |   1244 |      7 |     41 |  41 |  621.8 |
       Dungeon |   8645 |   8259 |    386 |      3 |     41 |  15 |  576.3 |
          Lair |   3626 |   3268 |    358 |      0 |      0 |   5 |  725.2 |
        Shoals |   1915 |   1858 |     57 |      4 |      0 |   4 |  478.8 |
   Spider Nest |   2315 |   2315 |      0 |      0 |      0 |   4 |  578.8 |
  Orcish Mines |   2389 |   2063 |    326 |      0 |      0 |   2 | 1194.5 |
   Elven Halls |   2050 |   1935 |    115 |      0 |      0 |   3 |  683.3 |
        Vaults |   3550 |   3550 |      0 |      0 |      0 |   5 |  710.0 |
         Abyss |    204 |    204 |      0 |      0 |      0 |   1 |  204.0 |
        Bailey |    345 |    345 |      0 |      0 |      0 |   1 |  345.0 |
      Gauntlet |    449 |    449 |      0 |      0 |      0 |   1 |  449.0 |
               +--------+--------+--------+--------+--------+-----+--------+

Top non-repeatable levels by time:
   Orc:2: 2229 daAuts
   Elf:3: 1759 daAuts
  Lair:5: 1329 daAuts
Vaults:5: 1178 daAuts
  Lair:3: 1050 daAuts
    D:11: 976 daAuts
Spider:2: 973 daAuts
    D:10: 883 daAuts
    D:12: 878 daAuts
Vaults:2: 842 daAuts
Spider:4: 837 daAuts
    D:13: 741 daAuts
    D:14: 725 daAuts
Shoals:4: 725 daAuts
  Lair:4: 705 daAuts
